 Dungeon Crawl Stone Soup version 0.23.2-40-g277498a001 (webtiles) character file.

Game seed: 3368954698531565334

6694 pigiy the Spear-Bearer (level 11, 0/91 HPs)
             Began as a Ghoul Monk on Oct 17, 2019.
             Was a High Priest of Dithmenos.
             Slain by an unseen horror (1 damage)
             ... on level 12 of the Dungeon.
             The game lasted 00:35:37 (7127 turns).

pigiy the Spear-Bearer (Ghoul Monk)                 Turns: 7127, Time: 00:35:38

Health: 0/91       AC: 13    Str: 19    XL:     11   Next: 3%
Magic:  10/10      EV: 14    Int:  7    God:    Dithmenos [*****.]
Gold:   195        SH: 19    Dex: 18    Spells: 10/10 levels left

rFire    + . .     SeeInvis .   c - +5 trident of the Lumpy Blessings {freeze, Str+3 Int+2 Dex+4}
rCold    + + .     Gourm    .   C - +5 shield
rNeg     + + +     Faith    .   f - +2 robe {MR+}
rPois    ∞         Spirit   .   G - +2 helmet
rElec    +         Reflect  +   e - +0 cloak
rCorr    +         Harm     .   i - +2 pair of gloves
MR       +....                  j - +0 pair of boots
Stlth    ++........             k - +4 amulet of reflection
HPRegen  0.00/turn              g - ring of flight
MPRegen  0.12/turn              (no ring)

@: silence, resistant, rotting, wreathed by umbra
A: rotting body, claws 1, carnivore, cold resistance 1, negative energy
resistance 3, inhibited regeneration, torment resistance, unbreathing
a: Renounce Religion, Evoke Flight


You were on level 12 of the Dungeon.
You worshipped Dithmenos.
Dithmenos was extremely pleased with you.
You were not hungry.

You visited 1 branch of the dungeon, and saw 10 of its levels.

You collected 365 gold pieces.
You spent 170 gold pieces at shops.

Inventory:

Hand Weapons
 c - the +5 trident of the Lumpy Blessings (weapon) {freeze, Str+3 Int+2 Dex+4}
   (You found it on level 1 of the Dungeon)

   It has been specially enchanted to freeze those struck by it, causing extra
   injury to most foes and up to half again as much damage against particularly
   susceptible opponents.
   It can also slow down cold-blooded creatures.
   It affects your strength (+3).
   It affects your intelligence (+2).
   It affects your dexterity (+4).
Armour
 e - a +0 cloak (worn)
 f - a +2 robe of magic resistance (worn)
 i - a +2 pair of gloves (worn)
 j - a +0 pair of boots (worn)
 C - a +5 shield (worn)
 F - a +0 helmet
 G - a +2 helmet (worn)
Jewellery
 g - a ring of flight (left hand)
 k - a +4 amulet of reflection (around neck)
 p - a cursed ring of attention
Wands
 l - a wand of random effects (44)
 q - a wand of disintegration (28)
 u - a wand of flame (15)
 D - a wand of clouds (1)
Scrolls
 n - a scroll of random uselessness
 o - 7 scrolls of teleportation
 t - a scroll of immolation
 w - 3 scrolls of blinking
 x - 2 scrolls of enchant weapon
 A - 4 scrolls of remove curse
Potions
 a - 2 potions of flight
 d - 2 potions of degeneration
 h - 2 potions of curing
 r - a potion of heal wounds
 s - 5 potions of lignification
Comestibles
 b - 6 rations


   Skills:
 + Level 6.5 Fighting
 * Level 11.2 Polearms
 * Level 5.3 Armour
 + Level 5.7 Dodging
 - Level 2.1 Stealth
 + Level 4.0 Shields
 - Level 3.5 Unarmed Combat


You had 10 spell levels left.
You didn't know any spells.
Your spell library contained the following spells:

 Spells                   Type           Power        Failure   Level  Hunger
 Animate Skeleton         Necr           N/A          88%         1    ##.....
 Apportation              Tloc           #.....       88%         1    ##.....
 Confusing Touch          Hex            #.....       88%         1    ##.....
 Pain                     Necr           #...         88%         1    ##.....
 Summon Small Mammal      Summ           #...         88%         1    ##.....
 Confuse                  Hex            #.......     99%         3    ####...
 Gell's Gravitas          Tloc           #.........   99%         3    ####...
 Regeneration             Chrm/Necr      #.........   99%         3    ####...
 Vampiric Draining        Necr           #.........   99%         3    ####...
 Animate Dead             Necr           N/A          100%        4    #####..
 Petrify                  Tmut/Erth      #.......     100%        4    #####..
 Metabolic Englaciation   Hex/Ice        #.........   100%        5    ######.
 Yara's Violent Unravell  Hex/Tmut       #.........   100%        5    ######.


Dungeon Overview and Level Annotations

Branches:
Dungeon (12/15)            Temple (0/1) D:4
   Lair: D:8-11         Orc: D:9-12

Altars:
Cheibriados
Dithmenos
Gozag
Hepliaklqana
Makhleb
Sif Muna
Trog
Uskayaw
Vehumet
Wu Jian
Zin

Shops:
D:7 ?


Innate Abilities, Weirdness & Mutations

Your body is rotting away.
You thrive on raw meat.
You are immune to poison.
You have sharp fingernails.
You are carnivorous and can eat meat at any time.
Your flesh is cold resistant. (rC+)
You are immune to negative energy. (rN+++)
You do not regenerate when monsters are visible.
You are immune to unholy pain and torment.
You can survive without breathing.


Message History

Your shadow hits the centaur warrior zombie with a trident.
Something hits you but does no damage.
You block the centaur warrior zombie's attack.
You puncture the centaur warrior zombie!
The centaur warrior zombie is almost destroyed.
You block the centaur warrior zombie's attack.
Something hits you but does no damage.
You puncture the centaur warrior zombie!
You destroy the centaur warrior zombie!
Dithmenos accepts your kill.
Your Shields skill increases to level 4!
You have reached level 11!
Something completely misses you. You block something's attack.
Something hits you but does no damage. Something barely misses you.
Something hits you but does no damage. Something completely misses you.
Okay, then.
Something hits you but does no damage. Something hits you.
You die...

)....# #.# #.# .....# #.#
#.###### ....$#
######.#########**#....†..
.....###...................######
.....#...####...#########.##
.......### ###.## #.* .....###
#..# #[* ##.### ##.# *#.* #..*
#@# *..* ##.# #.# *.#* ***+#**
#.# ****+******
,,,,,,*********#'#* *,,,,,,,,<* *
,,,,,,+,*,,,,,,...* *,*******,***
,,,,,,*,*,,,,,,...***,*,,,,,*,*,,
,,,,,,*,*,,,,,,...',*,*,,,,,*,+,*
,,,,,,*,',,,,,....#,*,*,,,,,*,***
,,,,,,***,,,,,,,,,*,',****'**,*


There were no monsters in sight!

Vanquished Creatures
  A two-headed ogre (D:12)
  A centaur zombie (D:12)
  Joseph (D:8)
  Psyche (D:8)
  2 trolls
  A hippogriff (D:7)
  Sigmund (D:4)
  A wyvern (D:12)
  3 hungry ghosts
  Edmund (D:5)
  A water moccasin (D:12)
  3 orc warriors
  An ice beast (D:6)
  2 sky beasts
  3 ogres
  5 centaurs
  A crocodile (D:8)
  A big kobold (D:8)
  2 bullfrogs
  A wyvern zombie (D:8)
  2 scorpions
  5 killer bees (D:8)
  11 wights
  5 crimson imps
  A bullfrog zombie (D:12)
  4 hounds
  2 jellies
  8 orc priests
  6 orc wizards
  Jessica (D:2)
  3 iguanas
  13 worker ants
  4 adders
  4 shadow imps
  2 oozes (D:1)
  2 worms
  3 dart slugs
  8 leopard geckos
  21 orcs
  3 ball pythons
  7 giant cockroaches
  6 goblins
  8 hobgoblins
  8 jackals
  3 quokkas
  6 bats
  5 frilled lizards
  12 kobolds
  A quokka skeleton (D:7)
  4 rats
201 creatures vanquished.

Notes
Turn   | Place    | Note
-------+----------+-------------------------------------------
     0 | D:1      | pigiy the Ghoul Monk began the quest for the Orb.
     0 | D:1      | Reached XP level 1. HP: 19/19 MP: 0/0
   115 | D:1      | Reached XP level 2. HP: 20/26 MP: 1/1
   206 | D:1      | Got a transparent trident
   207 | D:1      | Identified the +5 trident of the Lumpy Blessings {freeze,
                  | Str+3 Int+2 Dex+4} (You found it on level 1 of the Dungeon)
   595 | D:1      | Reached XP level 3. HP: 24/33 MP: 2/2
   731 | D:1      | Reached skill level 1 in Polearms
  1128 | D:2      | Reached XP level 4. HP: 39/40 MP: 3/3
  1467 | D:2      | Noticed Jessica
  1476 | D:2      | Killed Jessica
  1476 | D:2      | Reached skill level 2 in Polearms
  1531 | D:2      | Found a deep blue altar of Sif Muna.
  1531 | D:2      | Found a shadowy altar of Dithmenos.
  1564 | D:2      | Became a worshipper of Dithmenos the Shadowed
  1564 | D:2      | Reached * piety under Dithmenos
  1564 | D:2      | Reached ** piety under Dithmenos
  1648 | D:3      | Found a burning altar of Makhleb.
  1648 | D:3      | Noticed a cacodemon
  1688 | D:3      | Found an opulent altar of Gozag.
  1806 | D:3      | Found a hide-covered altar of Uskayaw.
  1870 | D:3      | Reached XP level 5. HP: 35/46 MP: 4/4
  1949 | D:3      | Found a faded altar of an unknown god.
  2145 | D:4      | Found a glowing silver altar of Zin.
  2195 | D:4      | Found a staircase to the Ecumenical Temple.
  2232 | D:4      | Noticed Sigmund
  2246 | D:4      | Killed Sigmund
  2246 | D:4      | Reached skill level 4 in Polearms
  2246 | D:4      | Reached skill level 1 in Armour
  2246 | D:4      | Reached XP level 6. HP: 43/52 MP: 5/5
  2818 | D:4      | Reached XP level 7. HP: 60/60 MP: 6/6
  2902 | D:5      | Entered Level 5 of the Dungeon
  2911 | D:5      | Reached skill level 5 in Polearms
  3024 | D:5      | Noticed Edmund
  3044 | D:5      | Killed Edmund
  3510 | D:5      | Reached skill level 6 in Polearms
  3743 | D:6      | Reached XP level 8. HP: 56/64 MP: 7/7
  4092 | D:6      | Reached *** piety under Dithmenos
  4126 | D:6      | Found a snail-covered altar of Cheibriados.
  4127 | D:6      | Found a bloodstained altar of Trog.
  4280 | D:6      | Reached skill level 7 in Polearms
  4394 | D:6      | Reached skill level 5 in Fighting
  5035 | D:7      | Found a hazy altar of Hepliaklqana.
  5053 | D:7      | Found Byri's Magic Scroll Shoppe.
  5057 | D:7      | Bought a scroll of enchant weapon for 75 gold pieces
  5057 | D:7      | Bought a scroll of enchant armour for 75 gold pieces
  5057 | D:7      | Bought a scroll of identify for 20 gold pieces
  5203 | D:7      | Found a glowing silver altar of Zin.
  5348 | D:7      | Noticed a hippogriff
  5350 | D:7      | Found a radiant altar of Vehumet.
  5370 | D:7      | Killed a hippogriff
  5370 | D:7      | Reached skill level 8 in Polearms
  5370 | D:7      | Reached XP level 9. HP: 48/73 MP: 8/8
  5729 | D:8      | Reached skill level 1 in Shields
  5754 | D:8      | Reached skill level 9 in Polearms
  5842 | D:8      | Noticed Joseph
  5851 | D:8      | Killed Joseph
  5862 | D:8      | Reached **** piety under Dithmenos
  6075 | D:8      | Noticed Psyche
  6103 | D:8      | Killed Psyche
  6103 | D:8      | Reached skill level 5 in Dodging
  6103 | D:8      | Reached XP level 10. HP: 65/83 MP: 9/9
  6263 | D:8      | Reached skill level 10 in Polearms
  6581 | D:9      | Found an ornate altar of the Wu Jian Council.
  6672 | D:9      | You fall through a shaft for 3 floors!
  6855 | D:12     | Noticed a two-headed ogre
  6882 | D:12     | Killed a two-headed ogre
  6882 | D:12     | Reached skill level 5 in Armour
  6924 | D:12     | Reached skill level 11 in Polearms
  6927 | D:12     | Reached ***** piety under Dithmenos
  7119 | D:12     | HP: 1/84 [something (6)]
  7122 | D:12     | Reached XP level 11. HP: 1/91 MP: 10/10
  7127 | D:12     | Slain by an unseen horror

Skill      XL: |  1  2  3  4  5  6  7  8  9 10 |
---------------+-------------------------------+-----
Dodging        | 3 4 5 |  5.7
Polearms       | 1 2 4 6 8 9 11 | 11.2
Fighting       | 4 5 6 |  6.5
Armour         | 1 2 3 4 5 |  5.3
Shields        | 2 4 |  4.0
Stealth        | |  2.1
Unarmed Combat | |  3.5

Action                   |  1- 3 |  4- 6 |  7- 9 | 10-12 || total
-------------------------+-------+-------+-------+-------++-------
Melee: Unarmed           |    21 |       |       |       ||    21
       Trident           |    52 |    64 |   279 |   199 ||   594
       Punch             |       |     1 |       |       ||     1
  Use: Scroll            |     2 |     5 |     7 |    11 ||    25
       Potion            |       |       |       |     4 ||     4
 Stab: Sleeping          |     1 |     6 |     7 |     7 ||    21
       Distracted        |       |       |     1 |       ||     1
  Eat: Chunk             |    14 |     2 |    36 |    29 ||    81
       Ration            |       |     1 |     8 |     2 ||    11
Armor: Robe              |     8 |    13 |    51 |    84 ||   156
Dodge: Dodged            |    41 |    46 |   133 |    76 ||   296
Block: Other             |       |     4 |    16 |       ||    20
       Shield            |       |       |    93 |   158 ||   251
       Reflection        |       |       |    10 |     2 ||    12
